 Dungeon Crawl Stone Soup version 0.30.1-11-g7821555f0a (webtiles) character file.

Game seed: 6470338947778211452

79 Skeral the Sneak (level 4, -1/19 HPs)
             Began as a Felid Venom Mage on Dec 12, 2023.
             Slain by an orc
             ... wielding a +0 mace
              (4 damage)
             ... on level 3 of the Dungeon.
             The game lasted 00:09:46 (2121 turns).

Skeral the Sneak (Felid Venom Mage)                 Turns: 2121, Time: 00:09:46

Health: -1/19      AC:  1    Str:  4    XL:     4   Next: 17%
Magic:  7/9        EV: 18    Int: 16    God:
Gold:   164        SH:  0    Dex: 18    Spells: 2/8 levels left
                                        Lives:  0   Deaths: 1

rFire   . . .        (weapon unavailable)
rCold   . . .        (shield unavailable)
rNeg    . . .        (body armour unavailable)
rPois   .            (helmet unavailable)
rElec   .            (cloak unavailable)
rCorr   .            (gloves unavailable)
SInv    +            (boots unavailable)
Will    .....        (no amulet)
Stlth   +++          (no ring)
HPRegen 0.23/turn    (no ring)
MPRegen 0.11/turn

%: no passive effects
@: flying, quick
A: very small, claws 1, fangs 3, see invisible, speed 1, shaggy fur 1, stealthy
paws, no weapons or thrown items, no armour, multi-lived
a: no special abilities


You were on level 3 of the Dungeon.
You visited 1 branch of the dungeon, and saw 4 of its levels.

You collected 164 gold pieces.


Innate Abilities, Weirdness & Mutations

You have sharp claws.
You have razor-sharp teeth.
You have supernaturally acute eyesight. (SInv)
You cover ground quickly. (Speed+)
You are covered in fur. (AC +1)
Your paws help you pounce on unaware monsters.
You are incapable of wielding weapons or throwing items.
You cannot wear armour.
You gain extra lives every three experience levels.


   Skills:
 + Level 1.4 Fighting
 - Level 3.1 Dodging
 + Level 4.1 Stealth
 + Level 2.9 Spellcasting
 - Level 1.1 Transmutations
 + Level 1.5 Air Magic
 + Level 3.3 Poison Magic


You had 2 spell levels left.
You knew the following spells:

 Your Spells              Type           Power      Damage    Failure   Level
m - Mephitic Cloud        Conj/Pois/Air  7%         N/A       28%         3
p - Poisonous Vapours     Pois/Air       20%        N/A       11%         2
s - Sting                 Tmut/Pois      36%        1d4       8%          1

Your spell library contained the following spells:

 Spells                   Type           Power      Damage    Failure   Level
 Olgreb's Toxic Radiance  Pois           13%        N/A       43%         4

Inventory:

Wands
 c - a wand of quicksilver (15)
   (You found it on level 4 of the Dungeon)
Scrolls
 d - a scroll of noise {unknown}
 f - a scroll of brand weapon {unknown}
 g - a scroll of enchant armour {unknown}
 i - a scroll of torment {unknown}
 k - a scroll of fog {unknown}
 l - 2 scrolls of fear {unknown}
 m - a scroll of poison {!r}
Potions
 a - 2 potions of magic
 e - a potion of might {unknown}
 h - a potion of heal wounds {unknown}

Dungeon Overview and Level Annotations

Branches:
Dungeon (4/15) Zot: 26727
 Temple: D:4-7

Altars:
Nemelex Xobeh

Annotations:
D:3 Sigmund

#.##.##..## #.#
####. #......§§#
###.# ##
##.#...§§# #)..# #
####§§# #.### #
#§§# #.# #
##§§###.## #
#§§§##§#.##### ##
#§)§§§###>†@.####.
#@o§##.#.###......
###§###...........
#.§§....)#...##.
########.#...†..
#.#...###
#........
#.........
#.........
####....##


You could see an orc.


Message History

😎 MP[-2]
You lost 2 mp, and now have 3/9 mp.
Casting: Poisonous Vapours (safe; 11% risk of failure)
Confirm with . or Enter, or press ? or * to list all spells.
Aiming: Sting (safe; 8% risk of failure)
Press: ? - help, Shift-Dir - straight line, f/p - worm
Aim: a worm (very poisoned, 89% to hit)
The sting hits the worm.
The worm looks as sick as possible! 😎 MP[-1]
You lost 1 mp, and now have 2/9 mp.
Casting: Sting (safe; 8% risk of failure)
Confirm with . or Enter, or press ? or * to list all spells.
You can't see any susceptible monsters within range! (Use Z to cast anyway.) Unknown command. 😎 MP[+1]
Casting: Sting (safe; 8% risk of failure)
Confirm with . or Enter, or press ? or * to list all spells.
Aiming: Sting (safe; 8% risk of failure)
Press: ? - help, Shift-Dir - straight line, f/p - worm
Aim: a worm (moderately wounded, very poisoned, 89% to hit)
The sting hits the worm.
The worm looks as sick as possible! 😎 MP[-1]
You lost 1 mp, and now have 2/9 mp.
You scratch the worm. The worm completely misses you.
You scratch the worm.
You kill the worm!
You see here a worm corpse.
You start resting. 😎 MP[+7]
Your mp is fully restored (9).
c - a wand of quicksilver (15)
An orc comes into view. It is wielding a +0 mace.
The orc moves out of view.
The goblin shouts!
You hear an angry hiss.
The orc shouts!
There is a stone staircase leading up here.
Casting: Sting (safe; 8% risk of failure)
Confirm with . or Enter, or press ? or * to list all spells.
You can't see any susceptible monsters within range! (Use Z to cast anyway.) Unknown command.
Casting: Sting (safe; 8% risk of failure)
Confirm with . or Enter, or press ? or * to list all spells.
Aiming: Sting (safe; 8% risk of failure)
Press: ? - help, Shift-Dir - straight line, f - goblin
Aim: a goblin, wielding a +0 club and wearing a +0 scale mail (64% to hit)
The sting hits the goblin but does no damage.
The goblin is poisoned. 😎 MP[-1]
You lost 1 mp, and now have 8/9 mp.
Casting: Sting (safe; 8% risk of failure)
Confirm with . or Enter, or press ? or * to list all spells.
Aiming: Sting (safe; 8% risk of failure)
Press: ? - help, Shift-Dir - straight line, f/p - goblin
Aim: a goblin, wielding a +0 club and wearing a +0 scale mail (heavily wounded, poisoned, 64% to hit)
The sting misses the goblin. 😎 MP[-1]
You lost 1 mp, and now have 7/9 mp.
Casting: Sting (safe; 8% risk of failure)
Confirm with . or Enter, or press ? or * to list all spells.
Aiming: Sting (safe; 8% risk of failure)
Press: ? - help, Shift-Dir - straight line, f/p - goblin
Aim: a goblin, wielding a +0 club and wearing a +0 scale mail (heavily wounded, poisoned, 64% to hit)
The sting misses the goblin.
The sting misses the orc.
The goblin closely misses you. 😎 MP[-1]
You lost 1 mp, and now have 6/9 mp.
The goblin misses you. The orc hits you with a +0 mace!
You climb upwards.
Level annotation: Sigmund
There is a stone staircase leading down here.
Okay, then. 😮 HP[-9]
You take 9 damage, and now have 10/19 hp.
MASSIVE DAMAGE!! (PAUSE)
You barely miss the goblin. You bite the goblin, but do no damage.
The orc barely misses you. The goblin misses you. 😮 HP[+1]
You scratch the orc. Your claw misses the orc. The orc closely misses you.
The goblin hits you with a +0 club.
* * * LOW HITPOINT WARNING * * *
😨 HP[-3]
You take 3 damage, and now have 8/19 hp.
You scratch the orc. The orc hits you with a +0 mace.
* * * LOW HITPOINT WARNING * * *
The goblin hits you with a +0 club.
* * * LOW HITPOINT WARNING * * *
😱 HP[-5]
You take 5 damage, and now have 3/19 hp.
MASSIVE DAMAGE!! (PAUSE)
The air fills with toxic fumes!
As you read the scroll labelled XYRHEORITUFF, it crumbles to dust.
It was a scroll of poison.
The orc misses you.
The goblin hits you but does no damage. 😱 MP[+1] It was a potion of flight.
You feel very buoyant.
You fly up into the air.
You kill the goblin!
The orc hits you with a +0 mace.
You die...

Skill      XL: |  1  2  3  4 |
---------------+-------------+-----
Dodging        | 3 |  3.1
Stealth        | 3 4 |  4.1
Air Magic      | 1 |  1.5
Poison Magic   | 3 |  3.3
Fighting       | 1 |  1.4
Spellcasting   | |  2.9
Transmutations | |  1.1

Action                     |  1- 3 |  4- 6 || total
---------------------------+-------+-------++-------
  Melee: Unarmed           |    41 |    10 ||    51
         Bite              |    10 |     1 ||    11
   Cast: Sting             |    40 |    11 ||    51
         Poisonous Vapours |     9 |     3 ||    12
    Use: Potion            |     2 |     1 ||     3
         Scroll            |       |     1 ||     1
   Stab: Sleeping          |     5 |       ||     5
 Armour: Skin              |     6 |     2 ||     8
  Dodge: Dodged            |    33 |    15 ||    48

Levels and vault maps discovered:
D:1:      dpeg_arrival_tiny_d, layout_rooms, serial_shops, shop,
          hellmonk_ecumenical_altar_inner_sanctum
D:2:      layout_basic, kennysheep_boxes
D:3:      layout_loops_ring, nemelex_dance_club_becter, uniq_ijyb, uniq_sigmund,
          uniq_jessica
D:4:      layout_basic, serial_shops, shop, hangedman_decor_clover_reticule

Notes
Turn   | Place    | Note
-------+----------+-------------------------------------------
     0 | D:1      | Skeral the Felid Venom Mage began the quest for the Orb.
     0 | D:1      | Reached XP level 1. HP: 7/7 MP: 4/4
    41 | D:1      | Reached skill level 3 in Dodging
    87 | D:1      | magus.rc [v1.10.3]
   104 | D:1      | Reached XP level 2. HP: 11/11 MP: 1/6
   159 | D:1      | Learned a level 2 spell: Poisonous Vapours
   188 | D:1      | You fall into a shaft and drop 1 floor!
   328 | D:2      | Reached skill level 3 in Stealth
  1060 | D:3      | Found a sparkling altar of Nemelex Xobeh.
  1201 | D:3      | Reached XP level 3. HP: 14/14 MP: 4/7
  1341 | D:3      | Noticed Sigmund
  1518 | D:3      | Noticed Jessica
  1620 | D:3      | Killed Jessica
  1621 | D:3      | Reached skill level 1 in Air Magic
  1621 | D:3      | Reached skill level 3 in Poison Magic
  1724 | D:4      | Reached skill level 1 in Fighting
  1724 | D:4      | Reached XP level 4. HP: 15/19 MP: 2/9
  1806 | D:3      | Reached skill level 4 in Stealth
  1808 | D:3      | Killed from afar by Sigmund
  1809 | D:3      | Reached XP level 3. HP: -4/15 MP: 4/8
  1880 | D:4      | Reached XP level 4. HP: 9/19 MP: 9/9
  1948 | D:4      | Learned a level 3 spell: Mephitic Cloud
  2119 | D:3      | HP: 4/19 [orc/+0 mace (4)]
  2121 | D:3      | Slain by an orc

Vanquished Creatures
  A howler monkey (D:4)
  A hound (D:3)
  Jessica (D:3)
  An adder (D:4)
  A worm (D:4)
  An orc (D:3)
  6 endoplasms
  2 giant cockroaches
  5 goblins
  2 hobgoblins (D:2)
  4 kobolds
  A quokka (D:2)
  4 ball pythons
  3 bats
  2 frilled lizards
  2 rats (D:3)
37 creatures vanquished.

Table legend:
 A = Non-vault XP
 B = Vault XP
 C = Vault XP percentage of total XP
 D = Non-vault monster count
 E = Vault monster count
 F = Vault count percentage of total count
                 A         B        C        D         E       F
            +---------+---------+-------+---------+---------+-------
      Total |     170 |      42 |  19.8 |      34 |       3 |   8.1
            +---------+---------+-------+---------+---------+-------
        D:1 |      13 |       0 |   0.0 |       8 |       0 |   0.0
        D:2 |      20 |       0 |   0.0 |      12 |       0 |   0.0
        D:3 |      56 |      42 |  42.9 |       8 |       3 |  27.3
        D:4 |      81 |       0 |   0.0 |       6 |       0 |   0.0
            +---------+---------+-------+---------+---------+-------

Skill      XL: |  1  2  3  4 |
---------------+-------------+-----
Dodging        | 3 |  3.1
Stealth        | 3 4 |  4.1
Air Magic      | 1 |  1.5
Poison Magic   | 3 |  3.3
Fighting       | 1 |  1.4
Spellcasting   | |  2.9
Transmutations | |  1.1

Action                     |  1- 3 |  4- 6 || total
---------------------------+-------+-------++-------
  Melee: Unarmed           |    41 |    10 ||    51
         Bite              |    10 |     1 ||    11
   Cast: Sting             |    40 |    11 ||    51
         Poisonous Vapours |     9 |     3 ||    12
    Use: Potion            |     2 |     1 ||     3
         Scroll            |       |     1 ||     1
   Stab: Sleeping          |     5 |       ||     5
 Armour: Skin              |     6 |     2 ||     8
  Dodge: Dodged            |    33 |    15 ||    48

Illustrated notes

Table legend:
 A = Kills in this place as a percentage of kills in the entire game.
 B = Kills by you in this place as a percentage of kills by you in the entire game.
 C = Kills by friends in this place as a percentage of kills by friends in the entire game.
 D = Other kills in this place as a percentage of other kills in the entire game.
 E = Experience gained in this place as a percentage of experience gained in the entire game.
 F = Experience gained in this place divided by the number of levels of this place that you have seen.
                   A       B       C       D       E      F
               +-------+-------+-------+-------+-------+----------------------
         Total | 100.0 | 100.0 |   N/A |   N/A | 100.0 |  53.0
       Dungeon | 100.0 | 100.0 |   N/A |   N/A | 100.0 |  53.0
               +-------+-------+-------+-------+-------+----------------------

Table legend: (Time is in decaauts)
 A = Elapsed time spent in this place.
 B = Non-inter-level travel time spent in this place.
 C = Inter-level travel time spent in this place.
 D = Time resting spent in this place.
 E = Time spent auto-exploring this place.
 F = Levels seen in this place.
 G = Mean time per level.
                   A        B        C        D        E       F      G
               +--------+--------+--------+--------+--------+-----+--------+
         Total |   1792 |   1682 |    110 |    254 |    492 |   4 |  448.0 |
       Dungeon |   1792 |   1682 |    110 |    254 |    492 |   4 |  448.0 |
               +--------+--------+--------+--------+--------+-----+--------+

Top non-repeatable levels by time:
     D:2: 770 daAuts
     D:3: 492 daAuts
     D:4: 368 daAuts
     D:1: 160 daAuts
